 Dungeon Crawl Stone Soup version 0.30-a0-782-ge64f9170bb (webtiles) character file.

Game seed: 3698405647650478577

1 Dartaoz the Trooper (level 1, -3/18 HPs)
             Began as a Demonspawn Fighter on Feb 19, 2023.
             Succumbed to a kobold's poison
             ... on level 1 of the Dungeon.
             The game lasted 00:00:23 (60 turns).

Dartaoz the Trooper (Demonspawn Fighter)              Turns: 60, Time: 00:00:23

Health: -3/18      AC:  6    Str: 16    XL:     1   Next: 16%
Magic:  1/1        EV:  8    Int:  9    God:
Gold:   15         SH:  4    Dex: 12    Spells: 0/0 levels left

rFire   . . .      SeeInvis .    a - +0 war axe
rCold   . . .      Faith    .    c - +0 buckler
rNeg    . . .      Spirit   .    b - +0 scale mail
rPois   .          Reflect  .    (no helmet)
rElec   .          Harm     .    (no cloak)
rCorr   .          Rampage  .    (no gloves)
Will    .....                    (no boots) Stlth
                                 (no amulet)
HPRegen 0.23/turn                (no ring)
MPRegen 0.07/turn                (no ring)

@: lethally poisoned (-3 -> -19)
A: no striking features
a: no special abilities


You were on level 1 of the Dungeon.
You visited 1 branch of the dungeon, and saw 1 of its levels.

You collected 15 gold pieces.

Inventory:

Hand Weapons
 a - a +0 war axe (weapon)
Armour
 b - a +0 scale mail (worn)
 c - a +0 buckler (worn)
Scrolls
 e - 2 scrolls of fear {unknown}
Potions
 d - a potion of might


   Skills:
 - Level 3.0 Fighting
 + Level 1.9 Axes
 - Level 2.6 Armour
 - Level 2.6 Shields


You couldn't memorise any spells.
You didn't know any spells.
Your spell library was empty.

Dungeon Overview and Level Annotations

Branches:
Dungeon (1/15)

Altars:


Message History

Welcome, Dartaoz the Demonspawn Fighter.
Will you be the one to retrieve the transcendent Orb of Zot from the depths?
Press ? for a list of commands and other information.
Found a staircase leading out of the dungeon.
e - 2 scrolls labelled BARUOW ATILE You now have 15 gold pieces.
A hobgoblin comes into view.
The hobgoblin shouts!
You hear a shout!
You see here 2 yellow potions.
You closely miss the hobgoblin.
A kobold comes into view. It is wielding a +2 dagger of venom.
The hobgoblin hits you.
You closely miss the hobgoblin. The hobgoblin hits you.
You block the hobgoblin's attack.
You hit the hobgoblin.
You kill the hobgoblin!
The kobold throws a stone.
The stone hits you but does no damage.
The kobold hits you with a +2 dagger of venom.
You are lethally poisoned!
You are too injured to fight recklessly!
You are too injured to fight recklessly!
You are too injured to fight recklessly!
You are too injured to fight recklessly!
You are too injured to fight recklessly!
You are too injured to fight recklessly!
You are too injured to fight recklessly!
You closely miss the kobold.
You feel very sick. The kobold completely misses you.
You block the kobold's attack.
You miss the kobold.
* * * LOW HITPOINT WARNING * * *
You feel very sick.
The kobold hits you with a +2 dagger of venom.
* * * LOW HITPOINT WARNING * * *
You are more poisoned.
You slash the kobold!
You kill the kobold!
You die...

##.#.####.###
#...........# #
#..#.####.#.# .#
#..#.## #.#
####.##
#...#.##.#
.......
#..###..#
.#.....
#.#.#..##
##....... #.
#..#.###........
#. #..##.#.@)..#
##. ##!#..###
##...##..# ####
#..# #..# ....
#####


There were no monsters in sight!

Vanquished Creatures
  A hobgoblin (D:1)
  A kobold (D:1)
2 creatures vanquished.

Notes
Turn   | Place    | Note
-------+----------+-------------------------------------------
     0 | D:1      | Dartaoz the Demonspawn Fighter began the quest for the Orb.
     0 | D:1      | Reached XP level 1. HP: 18/18 MP: 1/1
    60 | D:1      | Succumbed to a kobold's poison

Illustrated notes

Levels and vault maps discovered:
D:1:      minmay_arrival_loop, layout_loops_ring,
          ebering_ecumenical_altar_abandoned, st_stairs_8

Action                     || total
---------------------------++-------
  Melee: War axe           ||     6
 Armour: Scale mail        ||     1
  Dodge: Dodged            ||     1
  Block: Buckler           ||     2

Table legend: (Time is in decaauts)
 A = Elapsed time spent in this place.
 B = Non-inter-level travel time spent in this place.
 C = Inter-level travel time spent in this place.
 D = Time resting spent in this place.
 E = Time spent auto-exploring this place.
 F = Levels seen in this place.
 G = Mean time per level.
                   A        B        C        D        E       F      G
               +--------+--------+--------+--------+--------+-----+--------+
         Total |     62 |     62 |      0 |      0 |     50 |   1 |   62.0 |
       Dungeon |     62 |     62 |      0 |      0 |     50 |   1 |   62.0 |
               +--------+--------+--------+--------+--------+-----+--------+

Top non-repeatable levels by time:
     D:1: 62 daAuts
